Orlando Solar Bears vs Philadelphia Phantoms
Created - Tuesday, February 3, 2026 at 07:43
Goals
|
| Orlando Solar Bears |
1 |
0 |
0 |
1 |
| Philadelphia Phantoms |
0 |
0 |
3 |
3 |
|
Shots
|
| Orlando Solar Bears |
13 |
12 |
6 |
31 |
| Philadelphia Phantoms |
11 |
11 |
15 |
37 |
|
1st period
1. Orlando Solar Bears , Conor Sheary 6 (Isaak Phillips 3, Martin Pospisil 11) at 16:23
Penalties :
Dylan Coghlan (PHP) for Slashing (Minor) at 17:29
2nd period
No Goal
Penalties :
Michael Carcone (PHP) for Hooking (Minor) at 0:43, Michael Carcone (PHP) for Tripping (Minor) at 7:15
3rd period
2. Philadelphia Phantoms , Michael Callahan 1 (Ryan Winterton 5, Michael Carcone 10) at 0:46
3. Philadelphia Phantoms , Michael Carcone 11 (Adam Klapka 7, Albert Johansson 5) at 2:59 (PP)
4. Philadelphia Phantoms , Jacob Quillan 3 (Ryan Johnson 3, Albert Johansson 6) at 8:09
Penalties :
Justin Sourdif (OSB) for Interference (Minor) at 2:18, Jaroslav Chmelar (PHP) for Slashing (Minor) at 11:09, Jacob Quillan (PHP) for Fighting (Major) at 16:45, Adam Beckman (OSB) for Fighting (Major) at 16:45, Adam Beckman (OSB) for instigated a fight (Minor) at 16:45, Adam Beckman (OSB) for instigated and being the aggresor in a fight (20 Minutes Game Misconduct) at 16:45
Goalie Stats
Daniel Vladar (OSB), 34 saves from 37 shots - (0.919), L, 9-5-1, 60:00 minutes
Cooper Black (PHP), 30 saves from 31 shots - (0.968), W, 7-2-1, 60:00 minutes
Players Stats for Orlando Solar Bears
Player Name G A P +/- PIM S H SB GA TA FO MP PP MP PK MP
------------------------------------------------------------------------------------
0 0 0 0 0 0 0 0 0 0 0/0 0:00 0:00 0:00
Adam Beckman 0 0 0 0 27 2 3 0 0 0 0/0 13:25 0:44 0:00
Alex Turcotte 0 0 0 -1 0 5 1 1 0 0 1/1 17:24 3:36 0:00
Amadeus Lombardi 0 0 0 0 0 1 1 0 0 0 2/8 9:26 0:36 0:00
Carter Mazur 0 0 0 0 0 2 1 0 0 0 0/0 8:40 0:00 0:00
Conor Sheary 1 0 1 0 0 3 0 0 0 0 1/1 18:52 3:39 1:21
Gustav Nyquist 0 0 0 0 0 0 2 1 1 0 3/15 18:57 3:41 1:19
Henry Thrun 0 0 0 -2 0 1 1 1 0 0 0/0 26:14 3:48 1:28
Isaak Phillips 0 1 1 1 0 1 1 0 0 1 0/0 13:14 0:00 0:00
Jesper Boqvist 0 0 0 -1 0 2 0 1 0 0 0/1 17:24 3:36 0:00
Justin Danforth 0 0 0 -1 0 2 1 1 0 1 15/24 18:58 3:36 1:21
Justin Sourdif 0 0 0 0 2 3 1 0 0 1 1/1 8:39 0:00 0:00
Marat Khusnutdinov 0 0 0 0 0 1 0 0 1 0 2/7 13:53 0:42 0:00
Martin Pospisil 0 1 1 0 0 4 1 2 2 0 0/1 18:54 3:38 1:19
Nikita Grebenkin 0 0 0 0 0 0 3 0 0 1 0/0 12:46 0:00 0:00
Spencer Stastney 0 0 0 0 0 0 0 4 0 2 0/0 20:32 4:08 1:12
TJ Brodie 0 0 0 -2 0 3 3 2 0 1 0/0 26:14 3:48 1:28
Topi Niemela 0 0 0 1 0 0 0 2 0 0 0/0 13:14 0:00 0:00
Ty Nelson 0 0 0 0 0 1 0 2 0 1 0/0 20:32 4:08 1:12
Players Stats for Philadelphia Phantoms
Player Name G A P +/- PIM S H SB GA TA FO MP PP MP PK MP
------------------------------------------------------------------------------------
0 0 0 0 0 0 0 0 0 0 0/0 0:00 0:00 0:00
Adam Klapka 0 1 1 0 0 3 0 1 1 0 1/1 10:48 1:17 0:00
Albert Johansson 0 2 2 1 0 5 2 0 0 0 0/0 22:40 1:58 4:28
Dylan Coghlan 0 0 0 1 2 1 1 0 0 0 0/0 19:04 1:58 2:31
Jacob Quillan 1 0 1 2 5 5 2 1 1 0 12/17 17:19 0:16 3:47
Jaroslav Chmelar 0 0 0 -1 2 1 0 3 0 0 1/2 14:47 0:00 2:22
Kai Uchacz 0 0 0 -1 0 3 3 1 0 0 4/6 12:19 0:00 0:00
Luca Del Bel Belluz 0 0 0 0 0 2 1 0 0 1 12/25 19:11 1:32 3:40
Marc Gatcomb 0 0 0 -1 0 1 0 1 1 0 0/0 13:48 1:05 0:00
Marcel Marcel 0 0 0 0 0 0 2 0 0 1 2/2 9:10 0:00 0:00
Matt Rempe 0 0 0 0 0 0 2 0 0 1 0/0 9:36 0:18 0:00
Michael Callahan 1 0 1 1 0 1 2 1 2 0 0/0 17:22 0:00 3:33
Michael Carcone 1 1 2 2 4 3 4 0 1 1 0/0 14:53 1:17 0:00
Nils Aman 0 0 0 0 0 1 0 0 0 0 0/0 16:59 1:19 1:42
Ryan Johnson 0 1 1 1 0 3 0 1 0 0 0/0 17:33 0:00 0:57
Ryan Winterton 0 1 1 2 0 4 2 0 0 0 2/4 18:00 0:18 3:44
Samuel Johannesson 0 0 0 -1 0 3 0 2 0 0 0/0 20:04 0:42 0:00
Tye Kartye 0 0 0 0 0 1 2 1 1 0 0/2 15:09 0:38 0:37
Tyler Kleven 0 0 0 -1 0 0 1 2 1 0 0/0 23:17 0:42 4:23
3 Stars
1 - Cooper Black (PHP)
2 - Michael Carcone (PHP)
3 - Michael Callahan (PHP)
Power Play
Orlando Solar Bears - 0 on 4 Attempt(s) - 0.00%
Philadelphia Phantoms - 1 on 2 Attempt(s) - 50.00%
Penalty Kill
Orlando Solar Bears - 1 on 2 Attempt(s) - 50.00%
- Score 0 goal in Penalty Kill
Philadelphia Phantoms - 4 on 4 Attempt(s) - 100.00%
- Score 0 goal in Penalty Kill
Team Stat
Orlando Solar Bears - Hits : 19 - Faceoff Wins : 25 - Blocked Shots : 17 - Penalty Minutes : 29
Philadelphia Phantoms - Hits : 24 - Faceoff Wins : 34 - Blocked Shots : 14 - Penalty Minutes : 13
Official
Referees : Corey Syvret and Conor O'Donnell
Linesman : Ryan Galloway and Derek Nansen
Game Notes
Adam Beckman beats up Jacob Quillan at 16:45 of 3rd period
Adam Beckman (OSB) for instigated and being the aggresor in a fight (20 Minutes Game Misconduct) at 16:45
Adam Beckman ejected from game at 16:45 of 3rd period
Adam Beckman from Orlando Solar Bears is suspended for 3 game(s)
Orlando Solar Bears
5 vs 5 Forward
Center Left Wing Right Wing Time % Phy DF OF
1 Gustav Nyquist Conor Sheary Martin Pospisil 30 1 2 2
2 Justin Danforth Jesper Boqvist Alex Turcotte 30 1 2 2
3 Marat Khusnutdinov Adam Beckman Nikita Grebenkin 25 1 2 2
4 Amadeus Lombardi Carter Mazur Justin Sourdif 15 1 2 2
5 vs 5 Defense
Defense Defense Time % Phy DF OF
1 TJ Brodie Henry Thrun 30 1 2 2
2 Spencer Stastney Ty Nelson 30 1 2 2
3 Isaak Phillips Topi Niemela 25 1 2 2
4 TJ Brodie Henry Thrun 15 1 2 2
PowerPlay Forward
Center Left Wing Right Wing Time % Phy DF OF
1 Gustav Nyquist Conor Sheary Martin Pospisil 50 1 2 2
2 Justin Danforth Jesper Boqvist Alex Turcotte 50 1 2 2
PowerPlay Defense
Defense Defense Time % Phy DF OF
1 TJ Brodie Henry Thrun 50 1 2 2
2 Spencer Stastney Ty Nelson 50 1 2 2
Penalty Kill 4 Players Forward
Center Wing Time % Phy DF OF
1 Gustav Nyquist Martin Pospisil 50 1 2 2
2 Justin Danforth Conor Sheary 50 1 2 2
Penalty Kill 4 Players Defense
Defense Defense Time % Phy DF OF
1 TJ Brodie Henry Thrun 50 1 2 2
2 Spencer Stastney Ty Nelson 50 1 2 2
Penalty Kill - 3 Players Forward
Forward Time % Phy DF OF
1 Gustav Nyquist 50 1 2 2
2 Martin Pospisil 50 1 2 2
Penalty Kill - 3 Players Defense
Defense Defense Time % Phy DF OF
1 TJ Brodie Henry Thrun 50 1 2 2
2 Spencer Stastney Ty Nelson 50 1 2 2
4 vs 4 Forward
Center Wing Time % Phy DF OF
1 Gustav Nyquist Martin Pospisil 50 1 2 2
2 Justin Danforth Conor Sheary 50 1 2 2
4 vs 4 Defense
Defense Defense Time % Phy DF OF
1 TJ Brodie Henry Thrun 50 1 2 2
2 Spencer Stastney Ty Nelson 50 1 2 2
Last Minutes Offensive
Center Left Wing Right Wing Defense Defense
Gustav Nyquist Conor Sheary Martin Pospisil TJ Brodie Henry Thrun
Last Minutes Defensive
Center Left Wing Right Wing Defense Defense
Gustav Nyquist Conor Sheary Martin Pospisil TJ Brodie Henry Thrun
Goaltenders
Starting : Daniel Vladar
Backup : Domenic DiVincentiis
Extra Forwards
Normal : Marat Khusnutdinov, Amadeus Lombardi, Adam Beckman - PP : Marat Khusnutdinov, Amadeus Lombardi - PK : Adam Beckman
Extra Defensemen
Normal : Isaak Phillips, Topi Niemela, Spencer Stastney - PP : Isaak Phillips - PK : Topi Niemela, Spencer Stastney
Penalty Shots
Gustav Nyquist, Martin Pospisil, Justin Danforth, Conor Sheary, Jesper Boqvist
Scratches
Elliot Desnoyers (Healthy), Lukas Cormier (Healthy), Viktor Neuchev (Healthy), Alexis Gendron (Healthy), Marshall Warren (Healthy)
Erik Portillo (Healthy)
Philadelphia Phantoms
5 vs 5 Forward
Center Left Wing Right Wing Time % Phy DF OF
1 Luca Del Bel Belluz Nils Aman Tye Kartye 30 1 2 2
2 Jacob Quillan Michael Carcone Ryan Winterton 30 1 2 2
3 Kai Uchacz Marc Gatcomb Jaroslav Chmelar 25 1 2 2
4 Marcel Marcel Adam Klapka Matt Rempe 15 1 2 2
5 vs 5 Defense
Defense Defense Time % Phy DF OF
1 Samuel Johannesson Tyler Kleven 35 1 2 2
2 Albert Johansson Ryan Johnson 35 1 2 2
3 Michael Callahan Dylan Coghlan 30 1 2 2
4 Samuel Johannesson Tyler Kleven 0 1 2 2
PowerPlay Forward
Center Left Wing Right Wing Time % Phy DF OF
1 Luca Del Bel Belluz Marc Gatcomb Nils Aman 50 1 2 2
2 Jacob Quillan Adam Klapka Michael Carcone 50 1 2 2
PowerPlay Defense
Defense Defense Time % Phy DF OF
1 Dylan Coghlan Albert Johansson 50 1 2 2
2 Samuel Johannesson Tyler Kleven 50 1 2 2
Penalty Kill 4 Players Forward
Center Wing Time % Phy DF OF
1 Jacob Quillan Jaroslav Chmelar 50 1 2 2
2 Luca Del Bel Belluz Ryan Winterton 50 1 2 2
Penalty Kill 4 Players Defense
Defense Defense Time % Phy DF OF
1 Albert Johansson Tyler Kleven 50 1 2 2
2 Dylan Coghlan Michael Callahan 50 1 2 2
Penalty Kill - 3 Players Forward
Forward Time % Phy DF OF
1 Jacob Quillan 50 1 2 2
2 Jaroslav Chmelar 50 1 2 2
Penalty Kill - 3 Players Defense
Defense Defense Time % Phy DF OF
1 Albert Johansson Tyler Kleven 50 1 2 2
2 Dylan Coghlan Michael Callahan 50 1 2 2
4 vs 4 Forward
Center Wing Time % Phy DF OF
1 Luca Del Bel Belluz Nils Aman 50 1 2 2
2 Jacob Quillan Michael Carcone 50 1 2 2
4 vs 4 Defense
Defense Defense Time % Phy DF OF
1 Samuel Johannesson Tyler Kleven 50 1 2 2
2 Albert Johansson Dylan Coghlan 50 1 2 2
Last Minutes Offensive
Center Left Wing Right Wing Defense Defense
Luca Del Bel Belluz Marc Gatcomb Nils Aman Dylan Coghlan Albert Johansson
Last Minutes Defensive
Center Left Wing Right Wing Defense Defense
Jacob Quillan Jaroslav Chmelar Luca Del Bel Belluz Albert Johansson Tyler Kleven
Goaltenders
Starting : Cooper Black
Backup : Colten Ellis
Extra Forwards
Normal : Luca Del Bel Belluz, Jacob Quillan, Marc Gatcomb - PP : Luca Del Bel Belluz, Jacob Quillan - PK : Jacob Quillan
Extra Defensemen
Normal : Tyler Kleven, Dylan Coghlan, Samuel Johannesson - PP : Samuel Johannesson - PK : Albert Johansson, Dylan Coghlan
Penalty Shots
Jacob Quillan, Kai Uchacz, Dylan Coghlan, Jaroslav Chmelar, Marcel Marcel
Scratches
Chase Bradley (Healthy), Noah Laba (Healthy), Sam Lipkin (Healthy), Parker Bell (Healthy), Gavin Hayes (Healthy)
Anton Johansson (Healthy), Noel Gunler (Healthy), Isaac Poulter (Healthy)
% Time on Ice - Orlando Solar Bears
Lines # - Real PCT - Wanted PCT - Time Play
Normal Forward
1 - 28% - 30% - 14:01
2 - 28% - 30% - 13:57
3 - 26% - 25% - 12:46
4 - 18% - 15% - 8:40
Normal Defense
1 - 31% - 30% - 15:15
2 - 31% - 30% - 15:12
3 - 27% - 25% - 13:14
4 - 12% - 15% - 5:43
PP Forward
1 - 51% - 50% - 4:02
2 - 49% - 50% - 3:54
PP Defense
1 - 48% - 50% - 3:48
2 - 52% - 50% - 4:08
PK Forward
1 - 49% - 50% - 1:19
2 - 51% - 50% - 1:21
PK Defense
1 - 55% - 50% - 1:28
2 - 45% - 50% - 1:12
PK3 Forward
1 - 0% - 50%
2 - 0% - 50%
PK3 Defense
1 - 0% - 50%
2 - 0% - 50%
44 Forward
1 - 0% - 50%
2 - 0% - 50%
44 Defense
1 - 0% - 50%
2 - 0% - 50%
Last Minute Offensive - 0:00
Last Minute Defensive - 0:00
Total
Forward - 60:00
Defense - 60:00
|
% Time on Ice - Philadelphia Phantoms
Lines # - Real PCT - Wanted PCT - Time Play
Normal Forward
1 - 29% - 30% - 14:23
2 - 27% - 30% - 13:32
3 - 25% - 25% - 12:19
4 - 19% - 15% - 9:10
Normal Defense
1 - 38% - 35% - 18:37
2 - 34% - 35% - 16:37
3 - 29% - 30% - 14:10
4 - 0% - 0% - 0:00
PP Forward
1 - 41% - 50% - 1:05
2 - 59% - 50% - 1:35
PP Defense
1 - 74% - 50% - 1:58
2 - 26% - 50% - 0:42
PK Forward
1 - 54% - 50% - 4:16
2 - 46% - 50% - 3:40
PK Defense
1 - 50% - 50% - 3:57
2 - 50% - 50% - 3:59
PK3 Forward
1 - 0% - 50%
2 - 0% - 50%
PK3 Defense
1 - 0% - 50%
2 - 0% - 50%
44 Forward
1 - 0% - 50%
2 - 0% - 50%
44 Defense
1 - 0% - 50%
2 - 0% - 50%
Last Minute Offensive - 0:00
Last Minute Defensive - 0:00
Total
Forward - 60:00
Defense - 60:00
|
Play-by-Play
1st period
0:01 of 1st period - Luca Del Bel Belluz wins face-off versus Gustav Nyquist in neutral zone.
0:09 of 1st period - Snap shot by Gustav Nyquist.
0:09 of 1st period - Shot Misses the Net.
0:11 of 1st period - Slapshot by TJ Brodie.
0:11 of 1st period - Deflect By Tyler Kleven.
0:11 of 1st period - Stopped by Cooper Black with a rebound.
0:50 of 1st period - Nikita Grebenkin is hit by Kai Uchacz.
1:04 of 1st period - Adam Beckman is hit by Matt Rempe.
1:39 of 1st period - Slapshot by Adam Beckman.
1:39 of 1st period - Deflect By Marat Khusnutdinov.
1:39 of 1st period - Stopped by Cooper Black with a rebound.
2:01 of 1st period - Snap shot by Nils Aman.
2:01 of 1st period - Stopped by Daniel Vladar with a rebound.
2:29 of 1st period - Off-side.
2:30 of 1st period - Jacob Quillan wins face-off versus Gustav Nyquist in neutral zone.
2:33 of 1st period - TJ Brodie is hit by Jacob Quillan and loses puck.
2:43 of 1st period - Off-side.
2:44 of 1st period - Justin Danforth wins face-off versus Kai Uchacz in neutral zone.
3:09 of 1st period - Michael Carcone is hit by Carter Mazur and loses puck.
3:18 of 1st period - Snap shot by Jacob Quillan.
3:18 of 1st period - Stopped by Daniel Vladar with a rebound.
3:52 of 1st period - Justin Danforth is hit by Michael Callahan and loses puck.
4:05 of 1st period - Henry Thrun is hit by Jacob Quillan and loses puck.
5:06 of 1st period - Wrist shot by Kai Uchacz.
5:06 of 1st period - Shot Blocked by Alex Turcotte.
5:18 of 1st period - Gustav Nyquist is hit by Ryan Winterton and loses puck.
5:23 of 1st period - Slapshot by Michael Carcone.
5:23 of 1st period - Stopped by Daniel Vladar with a rebound.
5:25 of 1st period - Slapshot by Dylan Coghlan.
5:25 of 1st period - Deflect By Jacob Quillan.
5:25 of 1st period - Shot Misses the Net.
5:25 of 1st period - Puck is out of play.
5:26 of 1st period - Amadeus Lombardi wins face-off versus Ryan Winterton in Orlando Solar Bears zone.
5:37 of 1st period - Snap shot by Carter Mazur.
5:37 of 1st period - Shot Blocked by Michael Callahan.
5:39 of 1st period - Wrist shot by Carter Mazur.
5:39 of 1st period - Shot Misses the Net.
5:41 of 1st period - Backhand shot by Topi Niemela.
5:41 of 1st period - Deflect By Justin Sourdif.
5:41 of 1st period - Shot Misses the Net.
5:41 of 1st period - Puck is out of play.
5:42 of 1st period - Justin Danforth wins face-off versus Jaroslav Chmelar in Philadelphia Phantoms zone.
5:49 of 1st period - Snap shot by Jesper Boqvist.
5:49 of 1st period - Shot Misses the Net.
5:51 of 1st period - Snap shot by Jesper Boqvist.
5:51 of 1st period - Stopped by Cooper Black with a rebound.
6:16 of 1st period - Snap shot by Michael Carcone.
6:16 of 1st period - Shot Blocked by Gustav Nyquist.
6:18 of 1st period - Slapshot by Michael Callahan.
6:18 of 1st period - Shot Blocked by Spencer Stastney.
6:20 of 1st period - Snap shot by Ryan Winterton.
6:20 of 1st period - Shot Misses the Net.
6:22 of 1st period - Slapshot by Dylan Coghlan.
6:22 of 1st period - Shot Misses the Net.
6:32 of 1st period - Snap shot by Amadeus Lombardi.
6:32 of 1st period - Deflect By Justin Sourdif.
6:32 of 1st period - Shot Misses the Net.
6:32 of 1st period - Puck is out of play.
6:33 of 1st period - Luca Del Bel Belluz wins face-off versus Amadeus Lombardi in Philadelphia Phantoms zone.
6:41 of 1st period - Off-side.
6:42 of 1st period - Jacob Quillan wins face-off versus Justin Danforth in neutral zone.
6:49 of 1st period - Slapshot by Michael Carcone.
6:49 of 1st period - Stopped by Daniel Vladar with a rebound.
7:09 of 1st period - Conor Sheary is hit by Kai Uchacz and loses puck.
7:29 of 1st period - Off-side.
7:30 of 1st period - Marcel Marcel wins face-off versus Marat Khusnutdinov in neutral zone.
7:34 of 1st period - Icing by Isaak Phillips.
7:35 of 1st period - Marat Khusnutdinov wins face-off versus Luca Del Bel Belluz in Orlando Solar Bears zone.
8:30 of 1st period - Snap shot by Marc Gatcomb.
8:30 of 1st period - Stopped by Daniel Vladar without a rebound.
8:31 of 1st period - Justin Danforth wins face-off versus Luca Del Bel Belluz in Orlando Solar Bears zone.
8:45 of 1st period - Snap shot by Justin Danforth.
8:45 of 1st period - Stopped by Cooper Black with a rebound.
8:47 of 1st period - Slapshot by TJ Brodie.
8:47 of 1st period - Stopped by Cooper Black without a rebound.
8:48 of 1st period - Jacob Quillan wins face-off versus Gustav Nyquist in Philadelphia Phantoms zone.
9:01 of 1st period - Wrist shot by Ryan Winterton.
9:01 of 1st period - Shot Blocked by Ty Nelson.
9:03 of 1st period - Slapshot by Samuel Johannesson.
9:03 of 1st period - Shot Blocked by Spencer Stastney.
9:36 of 1st period - Slapshot by Adam Beckman.
9:36 of 1st period - Shot Misses the Net.
9:46 of 1st period - Snap shot by Adam Beckman.
9:46 of 1st period - Shot Misses the Net.
10:10 of 1st period - Albert Johansson is hit by Justin Sourdif and loses puck.
11:17 of 1st period - Snap shot by Amadeus Lombardi.
11:17 of 1st period - Shot Misses the Net.
11:19 of 1st period - Backhand shot by Carter Mazur.
11:19 of 1st period - Stopped by Cooper Black with a rebound.
11:21 of 1st period - Wrist shot by Justin Sourdif.
11:21 of 1st period - Stopped by Cooper Black without a rebound.
11:22 of 1st period - Jacob Quillan wins face-off versus Amadeus Lombardi in Philadelphia Phantoms zone.
11:35 of 1st period - Snap shot by Michael Carcone.
11:35 of 1st period - Deflect By Jacob Quillan.
11:35 of 1st period - Stopped by Daniel Vladar with a rebound.
11:58 of 1st period - Snap shot by Luca Del Bel Belluz.
11:58 of 1st period - Stopped by Daniel Vladar with a rebound.
12:14 of 1st period - Dylan Coghlan is hit by Justin Danforth and loses puck.
12:58 of 1st period - Snap shot by Justin Sourdif.
12:58 of 1st period - Stopped by Cooper Black without a rebound.
12:59 of 1st period - Luca Del Bel Belluz wins face-off versus Gustav Nyquist in Philadelphia Phantoms zone.
13:12 of 1st period - Wrist shot by Tye Kartye.
13:12 of 1st period - Shot Blocked by Martin Pospisil.
13:30 of 1st period - Icing by Jacob Quillan.
13:31 of 1st period - Justin Danforth wins face-off versus Jacob Quillan in Philadelphia Phantoms zone.
14:00 of 1st period - Off-side.
14:01 of 1st period - Kai Uchacz wins face-off versus Gustav Nyquist in neutral zone.
14:08 of 1st period - Snap shot by Marc Gatcomb.
14:08 of 1st period - Shot Misses the Net.
14:10 of 1st period - Wrist shot by Kai Uchacz.
14:10 of 1st period - Stopped by Daniel Vladar without a rebound.
14:11 of 1st period - Kai Uchacz wins face-off versus Martin Pospisil in Orlando Solar Bears zone.
14:20 of 1st period - Slapshot by Kai Uchacz.
14:20 of 1st period - Stopped by Daniel Vladar with a rebound.
14:26 of 1st period - Wrist shot by Martin Pospisil.
14:26 of 1st period - Shot Misses the Net.
14:28 of 1st period - Snap shot by Conor Sheary.
14:28 of 1st period - Shot Misses the Net.
14:42 of 1st period - Slapshot by Martin Pospisil.
14:42 of 1st period - Shot Misses the Net.
14:44 of 1st period - Slapshot by Topi Niemela.
14:44 of 1st period - Shot Blocked by Samuel Johannesson.
15:22 of 1st period - Snap shot by Marc Gatcomb.
15:22 of 1st period - Shot Misses the Net.
15:28 of 1st period - Snap shot by Marc Gatcomb.
15:28 of 1st period - Shot Misses the Net.
15:47 of 1st period - Wrist shot by Martin Pospisil.
15:47 of 1st period - Shot Blocked by Tyler Kleven.
15:49 of 1st period - Snap shot by Martin Pospisil.
15:49 of 1st period - Stopped by Cooper Black with a rebound.
15:51 of 1st period - Snap shot by Conor Sheary.
15:51 of 1st period - Stopped by Cooper Black with a rebound.
15:53 of 1st period - Slapshot by Gustav Nyquist.
15:53 of 1st period - Shot Blocked by Jaroslav Chmelar.
15:55 of 1st period - Snap shot by Gustav Nyquist.
15:55 of 1st period - Shot Blocked by Jaroslav Chmelar.
15:57 of 1st period - Snap shot by Topi Niemela.
15:57 of 1st period - Shot Misses the Net.
16:03 of 1st period - Snap shot by Conor Sheary.
16:03 of 1st period - Shot Misses the Net.
16:05 of 1st period - Snap shot by Conor Sheary.
16:05 of 1st period - Shot Misses the Net.
16:07 of 1st period - Snap shot by Gustav Nyquist.
16:07 of 1st period - Shot Misses the Net.
16:17 of 1st period - Wrist shot by Martin Pospisil.
16:17 of 1st period - Shot Misses the Net.
16:19 of 1st period - Slapshot by Conor Sheary.
16:19 of 1st period - Shot Misses the Net.
16:21 of 1st period - Slapshot by Isaak Phillips.
16:21 of 1st period - Stopped by Cooper Black with a rebound.
16:23 of 1st period - Slapshot by Conor Sheary.
16:23 of 1st period - Goal by Conor Sheary - Orlando Solar Bears : 1 - Philadelphia Phantoms : 0.
16:24 of 1st period - Justin Danforth wins face-off versus Luca Del Bel Belluz in neutral zone.
16:57 of 1st period - Wrist shot by Matt Rempe.
16:57 of 1st period - Shot Misses the Net.
17:17 of 1st period - Snap shot by Adam Beckman.
17:17 of 1st period - Shot Blocked by Jacob Quillan.
17:19 of 1st period - Wrist shot by Marat Khusnutdinov.
17:19 of 1st period - Shot Misses the Net.
17:21 of 1st period - Wrist shot by Nikita Grebenkin.
17:21 of 1st period - Shot Misses the Net.
17:29 of 1st period - Minor Penalty to Dylan Coghlan for Slashing.
17:30 of 1st period - Justin Danforth wins face-off versus Ryan Winterton in Philadelphia Phantoms zone.
17:33 of 1st period - Slapshot by Justin Danforth.
17:33 of 1st period - Shot Misses the Net.
18:14 of 1st period - Wrist shot by Amadeus Lombardi.
18:14 of 1st period - Shot Misses the Net.
18:16 of 1st period - Slapshot by Ty Nelson.
18:16 of 1st period - Stopped by Cooper Black with a rebound.
18:36 of 1st period - Luca Del Bel Belluz is hit by Gustav Nyquist and loses puck.
19:29 of 1st period - Penalty to Dylan Coghlan is over, Dylan Coghlan is back on ice.
19:38 of 1st period - Snap shot by Adam Klapka.
19:38 of 1st period - Stopped by Daniel Vladar with a rebound.
19:40 of 1st period - Slapshot by Samuel Johannesson.
19:40 of 1st period - Stopped by Daniel Vladar with a rebound.
Goals for this period are 1 for Orlando Solar Bears vs 0 for Philadelphia Phantoms.
Shots for this period are 13 for Orlando Solar Bears vs 11 for Philadelphia Phantoms.
2nd period
0:01 of 2nd period - Marat Khusnutdinov wins face-off versus Luca Del Bel Belluz in neutral zone.
0:04 of 2nd period - Nils Aman is hit by Nikita Grebenkin and loses puck.
0:31 of 2nd period - Wrist shot by Ryan Winterton.
0:31 of 2nd period - Shot Blocked by Justin Danforth.
0:43 of 2nd period - Minor Penalty to Michael Carcone for Hooking.
0:44 of 2nd period - Jacob Quillan wins face-off versus Gustav Nyquist in Philadelphia Phantoms zone.
0:44 of 2nd period - Jacob Quillan is hit by Martin Pospisil.
1:04 of 2nd period - Snap shot by Luca Del Bel Belluz.
1:04 of 2nd period - Shot Misses the Net.
1:10 of 2nd period - Luca Del Bel Belluz is hit by TJ Brodie and loses puck.
1:31 of 2nd period - Wrist shot by Jacob Quillan.
1:31 of 2nd period - Stopped by Daniel Vladar with a rebound.
1:33 of 2nd period - Wrist shot by Jaroslav Chmelar.
1:33 of 2nd period - Shot Blocked by Spencer Stastney.
1:35 of 2nd period - Wrist shot by Jaroslav Chmelar.
1:35 of 2nd period - Shot Misses the Net.
1:37 of 2nd period - Slapshot by Michael Callahan.
1:37 of 2nd period - Shot Blocked by Spencer Stastney.
1:39 of 2nd period - Slapshot by Jacob Quillan.
1:39 of 2nd period - Stopped by Daniel Vladar with a rebound.
1:41 of 2nd period - Wrist shot by Dylan Coghlan.
1:41 of 2nd period - Stopped by Daniel Vladar with a rebound.
2:43 of 2nd period - Penalty to Michael Carcone is over, Michael Carcone is back on ice.
3:15 of 2nd period - Isaak Phillips is hit by Dylan Coghlan and loses puck.
4:37 of 2nd period - Gustav Nyquist is hit by Tye Kartye and loses puck.
4:48 of 2nd period - Dylan Coghlan is hit by Nikita Grebenkin and loses puck.
5:27 of 2nd period - Wrist shot by Justin Sourdif.
5:27 of 2nd period - Shot Blocked by Marc Gatcomb.
5:39 of 2nd period - Wrist shot by Adam Klapka.
5:39 of 2nd period - Stopped by Daniel Vladar with a rebound.
5:41 of 2nd period - Snap shot by Tyler Kleven.
5:41 of 2nd period - Shot Misses the Net.
5:43 of 2nd period - Slapshot by Samuel Johannesson.
5:43 of 2nd period - Deflect By Amadeus Lombardi.
5:43 of 2nd period - Stopped by Daniel Vladar with a rebound.
5:45 of 2nd period - Slapshot by Tyler Kleven.
5:45 of 2nd period - Shot Blocked by Ty Nelson.
6:16 of 2nd period - Off-side.
6:17 of 2nd period - Luca Del Bel Belluz wins face-off versus Justin Danforth in neutral zone.
6:38 of 2nd period - Jesper Boqvist is hit by Michael Callahan and loses puck.
6:45 of 2nd period - Wrist shot by Jesper Boqvist.
6:45 of 2nd period - Shot Misses the Net.
7:09 of 2nd period - Snap shot by Adam Beckman.
7:09 of 2nd period - Stopped by Cooper Black with a rebound.
7:15 of 2nd period - Minor Penalty to Michael Carcone for Tripping.
7:16 of 2nd period - Gustav Nyquist wins face-off versus Jacob Quillan in Philadelphia Phantoms zone.
7:17 of 2nd period - Wrist shot by Martin Pospisil.
7:17 of 2nd period - Stopped by Cooper Black with a rebound.
7:19 of 2nd period - Wrist shot by Conor Sheary.
7:19 of 2nd period - Shot Blocked by Jaroslav Chmelar.
7:21 of 2nd period - Slapshot by Henry Thrun.
7:21 of 2nd period - Shot Blocked by Tyler Kleven.
7:23 of 2nd period - Snap shot by Gustav Nyquist.
7:23 of 2nd period - Shot Misses the Net.
7:25 of 2nd period - Slapshot by TJ Brodie.
7:25 of 2nd period - Deflect By Conor Sheary.
7:25 of 2nd period - Shot Misses the Net.
7:25 of 2nd period - Puck is out of play.
7:26 of 2nd period - Jacob Quillan wins face-off versus Gustav Nyquist in Philadelphia Phantoms zone.
7:26 of 2nd period - Jacob Quillan is hit by Henry Thrun.
7:36 of 2nd period - Conor Sheary is hit by Ryan Winterton and loses puck.
7:41 of 2nd period - Slapshot by Luca Del Bel Belluz.
7:41 of 2nd period - Stopped by Daniel Vladar with a rebound.
7:43 of 2nd period - Snap shot by Albert Johansson.
7:43 of 2nd period - Stopped by Daniel Vladar with a rebound.
7:45 of 2nd period - Slapshot by Ryan Winterton.
7:45 of 2nd period - Stopped by Daniel Vladar with a rebound.
7:59 of 2nd period - Jacob Quillan is hit by Alex Turcotte.
8:55 of 2nd period - Gustav Nyquist is hit by Tyler Kleven and loses puck.
9:15 of 2nd period - Penalty to Michael Carcone is over, Michael Carcone is back on ice.
9:28 of 2nd period - Marcel Marcel is hit by Adam Beckman and loses puck.
9:35 of 2nd period - Marcel Marcel is hit by Adam Beckman and loses puck.
10:10 of 2nd period - Dylan Coghlan is hit by Isaak Phillips and loses puck.
10:25 of 2nd period - Snap shot by Marc Gatcomb.
10:25 of 2nd period - Shot Blocked by Topi Niemela.
10:27 of 2nd period - Slapshot by Kai Uchacz.
10:27 of 2nd period - Shot Misses the Net.
10:29 of 2nd period - Wrist shot by Jaroslav Chmelar.
10:29 of 2nd period - Stopped by Daniel Vladar with a rebound.
11:20 of 2nd period - Marcel Marcel is hit by TJ Brodie and loses puck.
12:34 of 2nd period - Off-side.
12:35 of 2nd period - Justin Sourdif wins face-off versus Jacob Quillan in neutral zone.
12:40 of 2nd period - Backhand shot by Amadeus Lombardi.
12:40 of 2nd period - Shot Misses the Net.
12:42 of 2nd period - Snap shot by Amadeus Lombardi.
12:42 of 2nd period - Deflect By Justin Sourdif.
12:42 of 2nd period - Stopped by Cooper Black with a rebound.
13:17 of 2nd period - Wrist shot by Alex Turcotte.
13:17 of 2nd period - Stopped by Cooper Black with a rebound.
13:19 of 2nd period - Slapshot by Alex Turcotte.
13:19 of 2nd period - Stopped by Cooper Black with a rebound.
13:21 of 2nd period - Snap shot by Jesper Boqvist.
13:21 of 2nd period - Shot Hit the Post.
13:23 of 2nd period - Slapshot by TJ Brodie.
13:23 of 2nd period - Shot Blocked by Ryan Johnson.
15:12 of 2nd period - Slapshot by TJ Brodie.
15:12 of 2nd period - Stopped by Cooper Black without a rebound.
15:13 of 2nd period - Conor Sheary wins face-off versus Luca Del Bel Belluz in Philadelphia Phantoms zone.
15:45 of 2nd period - Wrist shot by Alex Turcotte.
15:45 of 2nd period - Stopped by Cooper Black without a rebound.
15:46 of 2nd period - Justin Danforth wins face-off versus Luca Del Bel Belluz in Philadelphia Phantoms zone.
15:47 of 2nd period - Wrist shot by Jesper Boqvist.
15:47 of 2nd period - Stopped by Cooper Black without a rebound.
15:48 of 2nd period - Luca Del Bel Belluz wins face-off versus Justin Danforth in Philadelphia Phantoms zone.
16:13 of 2nd period - Michael Carcone is hit by Gustav Nyquist and loses puck.
16:34 of 2nd period - Slapshot by Spencer Stastney.
16:34 of 2nd period - Shot Blocked by Samuel Johannesson.
17:02 of 2nd period - Snap shot by Amadeus Lombardi.
17:02 of 2nd period - Stopped by Cooper Black without a rebound.
17:03 of 2nd period - Justin Danforth wins face-off versus Luca Del Bel Belluz in Philadelphia Phantoms zone.
17:04 of 2nd period - Snap shot by Alex Turcotte.
17:04 of 2nd period - Stopped by Cooper Black with a rebound.
17:18 of 2nd period - Snap shot by Tye Kartye.
17:18 of 2nd period - Shot Misses the Net.
17:25 of 2nd period - Icing by Isaak Phillips.
17:26 of 2nd period - Justin Danforth wins face-off versus Jacob Quillan in Orlando Solar Bears zone.
17:58 of 2nd period - Wrist shot by Adam Beckman.
17:58 of 2nd period - Stopped by Cooper Black with a rebound.
18:38 of 2nd period - Wrist shot by Michael Carcone.
18:38 of 2nd period - Shot Misses the Net.
18:40 of 2nd period - Snap shot by Ryan Johnson.
18:40 of 2nd period - Stopped by Daniel Vladar with a rebound.
18:46 of 2nd period - Snap shot by Michael Carcone.
18:46 of 2nd period - Shot Misses the Net.
18:48 of 2nd period - Snap shot by Albert Johansson.
18:48 of 2nd period - Stopped by Daniel Vladar with a rebound.
19:43 of 2nd period - Snap shot by Carter Mazur.
19:43 of 2nd period - Stopped by Cooper Black without a rebound.
19:44 of 2nd period - Adam Klapka wins face-off versus Amadeus Lombardi in Philadelphia Phantoms zone.
19:47 of 2nd period - Wrist shot by Amadeus Lombardi.
19:47 of 2nd period - Shot Misses the Net.
Goals for this period are 0 for Orlando Solar Bears vs 0 for Philadelphia Phantoms.
Shots for this period are 12 for Orlando Solar Bears vs 11 for Philadelphia Phantoms.
3rd period
0:01 of 3rd period - Justin Danforth wins face-off versus Tye Kartye in neutral zone.
0:38 of 3rd period - Slapshot by Michael Callahan.
0:38 of 3rd period - Shot Misses the Net.
0:40 of 3rd period - Wrist shot by Ryan Winterton.
0:40 of 3rd period - Shot Blocked by Martin Pospisil.
0:42 of 3rd period - Wrist shot by Ryan Winterton.
0:42 of 3rd period - Stopped by Daniel Vladar with a rebound.
0:44 of 3rd period - Snap shot by Ryan Winterton.
0:44 of 3rd period - Shot Misses the Net.
0:46 of 3rd period - Wrist shot by Michael Callahan.
0:46 of 3rd period - Goal by Michael Callahan - Orlando Solar Bears : 1 - Philadelphia Phantoms : 1.
0:47 of 3rd period - Luca Del Bel Belluz wins face-off versus Justin Danforth in neutral zone.
1:02 of 3rd period - Wrist shot by Alex Turcotte.
1:02 of 3rd period - Stopped by Cooper Black with a rebound.
1:55 of 3rd period - Off-side.
1:56 of 3rd period - Marcel Marcel wins face-off versus Amadeus Lombardi in neutral zone.
2:12 of 3rd period - Snap shot by Adam Klapka.
2:12 of 3rd period - Shot Misses the Net.
2:18 of 3rd period - Minor Penalty to Justin Sourdif for Interference.
2:19 of 3rd period - Luca Del Bel Belluz wins face-off versus Gustav Nyquist in Orlando Solar Bears zone.
2:59 of 3rd period - Snap shot by Michael Carcone.
2:59 of 3rd period - Goal by Michael Carcone - Orlando Solar Bears : 1 - Philadelphia Phantoms : 2.
3:00 of 3rd period - Alex Turcotte wins face-off versus Luca Del Bel Belluz in neutral zone.
3:08 of 3rd period - Snap shot by Tye Kartye.
3:08 of 3rd period - Stopped by Daniel Vladar with a rebound.
3:10 of 3rd period - Slapshot by Samuel Johannesson.
3:10 of 3rd period - Stopped by Daniel Vladar without a rebound.
3:11 of 3rd period - Jacob Quillan wins face-off versus Justin Danforth in Orlando Solar Bears zone.
3:33 of 3rd period - Icing by Justin Danforth.
3:34 of 3rd period - Luca Del Bel Belluz wins face-off versus Justin Danforth in Orlando Solar Bears zone.
3:59 of 3rd period - Wrist shot by Justin Danforth.
3:59 of 3rd period - Stopped by Cooper Black without a rebound.
4:00 of 3rd period - Jacob Quillan wins face-off versus Gustav Nyquist in Philadelphia Phantoms zone.
4:05 of 3rd period - Wrist shot by Ryan Winterton.
4:05 of 3rd period - Stopped by Daniel Vladar with a rebound.
4:07 of 3rd period - Snap shot by Ryan Johnson.
4:07 of 3rd period - Stopped by Daniel Vladar without a rebound.
4:08 of 3rd period - Gustav Nyquist wins face-off versus Jacob Quillan in Orlando Solar Bears zone.
4:08 of 3rd period - Gustav Nyquist is hit by Michael Carcone.
4:57 of 3rd period - Off-side.
4:58 of 3rd period - Luca Del Bel Belluz wins face-off versus Jesper Boqvist in neutral zone.
5:09 of 3rd period - Snap shot by Alex Turcotte.
5:09 of 3rd period - Shot Misses the Net.
5:11 of 3rd period - Slapshot by TJ Brodie.
5:11 of 3rd period - Deflect By Alex Turcotte.
5:11 of 3rd period - Shot Blocked by Tye Kartye.
5:11 of 3rd period - Puck is out of play.
5:12 of 3rd period - Jaroslav Chmelar wins face-off versus Marat Khusnutdinov in Philadelphia Phantoms zone.
5:47 of 3rd period - Justin Danforth is hit by Luca Del Bel Belluz and loses puck.
7:04 of 3rd period - Off-side.
7:05 of 3rd period - Luca Del Bel Belluz wins face-off versus Justin Danforth in neutral zone.
7:08 of 3rd period - Wrist shot by Luca Del Bel Belluz.
7:08 of 3rd period - Shot Blocked by Topi Niemela.
7:10 of 3rd period - Slapshot by Ryan Johnson.
7:10 of 3rd period - Stopped by Daniel Vladar with a rebound.
7:12 of 3rd period - Wrist shot by Luca Del Bel Belluz.
7:12 of 3rd period - Shot Misses the Net.
7:14 of 3rd period - Slapshot by Albert Johansson.
7:14 of 3rd period - Deflect By Nils Aman.
7:14 of 3rd period - Shot Misses the Net.
7:14 of 3rd period - Puck is out of play.
7:15 of 3rd period - Gustav Nyquist wins face-off versus Luca Del Bel Belluz in Orlando Solar Bears zone.
7:26 of 3rd period - Snap shot by Martin Pospisil.
7:26 of 3rd period - Stopped by Cooper Black without a rebound.
7:27 of 3rd period - Jacob Quillan wins face-off versus Gustav Nyquist in Philadelphia Phantoms zone.
7:42 of 3rd period - Wrist shot by Ryan Winterton.
7:42 of 3rd period - Stopped by Daniel Vladar without a rebound.
7:43 of 3rd period - Justin Danforth wins face-off versus Luca Del Bel Belluz in Orlando Solar Bears zone.
7:50 of 3rd period - Snap shot by Samuel Johannesson.
7:50 of 3rd period - Shot Misses the Net.
7:55 of 3rd period - Icing by TJ Brodie.
7:56 of 3rd period - Jacob Quillan wins face-off versus Justin Danforth in Orlando Solar Bears zone.
7:59 of 3rd period - Snap shot by Ryan Winterton.
7:59 of 3rd period - Shot Blocked by Henry Thrun.
8:05 of 3rd period - Snap shot by Ryan Winterton.
8:05 of 3rd period - Shot Blocked by Jesper Boqvist.
8:07 of 3rd period - Wrist shot by Albert Johansson.
8:07 of 3rd period - Stopped by Daniel Vladar with a rebound.
8:09 of 3rd period - Slapshot by Ryan Johnson.
8:09 of 3rd period - Deflect By Jacob Quillan.
8:09 of 3rd period - Goal by Jacob Quillan - Orlando Solar Bears : 1 - Philadelphia Phantoms : 3.
8:10 of 3rd period - Luca Del Bel Belluz wins face-off versus Gustav Nyquist in neutral zone.
8:25 of 3rd period - Wrist shot by Martin Pospisil.
8:25 of 3rd period - Stopped by Cooper Black without a rebound.
8:26 of 3rd period - Ryan Winterton wins face-off versus Marat Khusnutdinov in Philadelphia Phantoms zone.
8:28 of 3rd period - Icing by Michael Carcone.
8:29 of 3rd period - Jacob Quillan wins face-off versus Marat Khusnutdinov in Philadelphia Phantoms zone.
8:29 of 3rd period - Jacob Quillan is hit by Adam Beckman.
8:45 of 3rd period - Henry Thrun is hit by Michael Carcone and loses puck.
9:40 of 3rd period - TJ Brodie is hit by Matt Rempe and loses puck.
9:49 of 3rd period - Snap shot by Jesper Boqvist.
9:49 of 3rd period - Deflect By Ryan Johnson.
9:49 of 3rd period - Shot Misses the Net.
9:49 of 3rd period - Puck is out of play.
9:50 of 3rd period - Jacob Quillan wins face-off versus Gustav Nyquist in Philadelphia Phantoms zone.
10:09 of 3rd period - Gustav Nyquist is hit by Michael Carcone and loses puck.
10:48 of 3rd period - Slapshot by Marc Gatcomb.
10:48 of 3rd period - Deflect By Kai Uchacz.
10:48 of 3rd period - Shot Misses the Net.
10:48 of 3rd period - Puck is out of play.
10:49 of 3rd period - Kai Uchacz wins face-off versus Amadeus Lombardi in Orlando Solar Bears zone.
10:54 of 3rd period - Wrist shot by Kai Uchacz.
10:54 of 3rd period - Shot Misses the Net.
11:02 of 3rd period - Snap shot by Kai Uchacz.
11:02 of 3rd period - Stopped by Daniel Vladar with a rebound.
11:09 of 3rd period - Minor Penalty to Jaroslav Chmelar for Slashing.
11:10 of 3rd period - Justin Danforth wins face-off versus Luca Del Bel Belluz in Philadelphia Phantoms zone.
11:19 of 3rd period - Slapshot by Albert Johansson.
11:19 of 3rd period - Stopped by Daniel Vladar with a rebound.
13:00 of 3rd period - Conor Sheary is hit by Tye Kartye.
13:09 of 3rd period - Penalty to Jaroslav Chmelar is over, Jaroslav Chmelar is back on ice.
13:20 of 3rd period - Marat Khusnutdinov is hit by Marcel Marcel and loses puck.
13:27 of 3rd period - Wrist shot by Adam Klapka.
13:27 of 3rd period - Stopped by Daniel Vladar without a rebound.
13:28 of 3rd period - Amadeus Lombardi wins face-off versus Kai Uchacz in Orlando Solar Bears zone.
13:28 of 3rd period - Amadeus Lombardi is hit by Kai Uchacz.
13:34 of 3rd period - Jaroslav Chmelar is hit by TJ Brodie and loses puck.
13:47 of 3rd period - Tyler Kleven is hit by Amadeus Lombardi and loses puck.
14:00 of 3rd period - Slapshot by TJ Brodie.
14:00 of 3rd period - Shot Misses the Net.
14:02 of 3rd period - Snap shot by Marat Khusnutdinov.
14:02 of 3rd period - Deflect By Adam Beckman.
14:02 of 3rd period - Shot Misses the Net.
14:02 of 3rd period - Puck is out of play.
14:03 of 3rd period - Ryan Winterton wins face-off versus Marat Khusnutdinov in Philadelphia Phantoms zone.
14:03 of 3rd period - Ryan Winterton is hit by Nikita Grebenkin.
15:04 of 3rd period - Icing by Samuel Johannesson.
15:05 of 3rd period - Kai Uchacz wins face-off versus Amadeus Lombardi in Philadelphia Phantoms zone.
15:18 of 3rd period - Snap shot by Amadeus Lombardi.
15:18 of 3rd period - Shot Blocked by Kai Uchacz.
15:20 of 3rd period - Slapshot by Henry Thrun.
15:20 of 3rd period - Stopped by Cooper Black with a rebound.
16:16 of 3rd period - Marat Khusnutdinov is hit by Marcel Marcel and loses puck.
16:25 of 3rd period - Slapshot by Spencer Stastney.
16:25 of 3rd period - Shot Blocked by Adam Klapka.
16:37 of 3rd period - Spencer Stastney is hit by Michael Carcone and loses puck.
16:44 of 3rd period - Slapshot by Jacob Quillan.
16:44 of 3rd period - Shot Misses the Net.
16:45 of 3rd period - Adam Beckman beats up Jacob Quillan.
16:45 of 3rd period - Penalty to Jacob Quillan for Fighting.
16:45 of 3rd period - Penalty to Adam Beckman for Fighting.
16:45 of 3rd period - Penalty to Adam Beckman for instigated a fight.
16:45 of 3rd period - Penalty to Adam Beckman for instigated and being the aggresor in a fight.
16:45 of 3rd period - Adam Beckman is ejected from game.
16:46 of 3rd period - Luca Del Bel Belluz wins face-off versus Justin Danforth in Orlando Solar Bears zone.
16:47 of 3rd period - Wrist shot by Michael Carcone.
16:47 of 3rd period - Shot Misses the Net.
16:49 of 3rd period - Snap shot by Luca Del Bel Belluz.
16:49 of 3rd period - Shot Blocked by TJ Brodie.
16:51 of 3rd period - Slapshot by Albert Johansson.
16:51 of 3rd period - Stopped by Daniel Vladar with a rebound.
16:53 of 3rd period - Slapshot by Dylan Coghlan.
16:53 of 3rd period - Deflect By Adam Klapka.
16:53 of 3rd period - Shot Blocked by TJ Brodie.
16:53 of 3rd period - Puck is out of play.
16:54 of 3rd period - Justin Danforth wins face-off versus Luca Del Bel Belluz in Orlando Solar Bears zone.
18:21 of 3rd period - Martin Pospisil is hit by Albert Johansson and loses puck.
18:31 of 3rd period - Icing by Tye Kartye.
18:32 of 3rd period - Justin Danforth wins face-off versus Tye Kartye in Philadelphia Phantoms zone.
18:33 of 3rd period - Wrist shot by Conor Sheary.
18:33 of 3rd period - Stopped by Cooper Black without a rebound.
18:34 of 3rd period - Justin Danforth wins face-off versus Luca Del Bel Belluz in Philadelphia Phantoms zone.
18:45 of 3rd period - Penalty to Adam Beckman is over, Marat Khusnutdinov is send on ice.
19:03 of 3rd period - Amadeus Lombardi is hit by Albert Johansson and loses puck.
Goals for this period are 0 for Orlando Solar Bears vs 3 for Philadelphia Phantoms.
Shots for this period are 6 for Orlando Solar Bears vs 15 for Philadelphia Phantoms.
Back to the Top